 Dungeon Crawl Stone Soup version 0.25-a0-804-g50c693f418 (webtiles) character file.

Game seed: 5336496870798732102, levelgen mode: deterministic

116546 mortelune the Warrior (level 17, -14/145 HPs)
             Began as a Formicid Hunter on Apr 19, 2020.
             Was a High Priest of Cheibriados.
             Killed from afar by Nikola (27 damage)
             ... with a chain lightning
             ... on level 1 of the Snake Pit.
             The game lasted 01:24:58 (34689 turns).

mortelune the Warrior (Formicid Hunter)            Turns: 34689, Time: 01:24:59

Health: -14/145    AC: 34    Str: 34    XL:     17   Next: 26%
Magic:  14/24      EV: 12    Int: 27    God:    Cheibriados [*****.]
Gold:   256        SH: 14    Dex: 24    Spells: 16/16 levels left

rFire    + + +     SeeInvis +   b - +7 great mace "Firestarter" {inner flame, rF++}
rCold    . . .     Gourm    .   p - +0 kite shield {reflect}
rNeg     . . .     Faith    .   u - +7 plate armour {ponderous}
rPois    .         Spirit   .   (helmet unavailable)
rElec    .         Reflect  +   J - +2 cloak
rCorr    .         Harm     .   v - +2 pair of gloves
MR       +....                  Z - +1 pair of boots of the World {Regen+}
Stlth    ..........             L - +2 amulet of reflection
HPRegen  0.74/turn              E - +4 ring of evasion
MPRegen  0.19/turn              T - ring of protection from fire

@: lethally poisoned (-14 -> -14), studying Hexes, very slow
A: permanent stasis, dig shafts and tunnels, four strong arms, antennae 3
a: Dig, Shaft Self, Bend Time, Temporal Distortion, Slouch, Step From Time,
Renounce Religion


You were on level 1 of the Snake Pit.
You worshipped Cheibriados.
Cheibriados was extremely pleased with you.
You were not hungry.

You visited 4 branches of the dungeon, and saw 24 of its levels.
You also visited: Bailey and Ice Cave.

You collected 2492 gold pieces.
You spent 2236 gold pieces at shops.

Inventory:

Hand Weapons
 a - a +0 arbalest
 b - the +7 great mace "Firestarter" (weapon) {inner flame, rF++}
   (You bought it in a shop on level 1 of the Orcish Mines)

   It has been specially enchanted to burn those struck by it, causing extra
   injury to most foes and up to half again as much damage against particularly
   susceptible opponents.
   It greatly protects you from fire.
 k - a +9 great mace
 w - a +2 hand crossbow
 A - the +2 dagger of Zisuug {freeze, rC+ MR+ MP-9 Stlth+}
   (You took it off an orc wizard on level 9 of the Dungeon)

   It has been specially enchanted to freeze those struck by it, causing extra
   injury to most foes and up to half again as much damage against particularly
   susceptible opponents.
   It can also slow down cold-blooded creatures.
   It protects you from cold.
   It affects your resistance to hostile enchantments.
   It affects your magic capacity (-9).
   It makes you more stealthy.
Missiles
 c - 4 curare-tipped darts (quivered)
 d - 146 bolts
 U - 19 javelins
Armour
 m - a scarf of resistance
 p - a +0 kite shield of reflection (worn)
 u - a +7 plate armour of ponderousness (worn)
 v - a +2 pair of gloves (worn)
 J - a +2 cloak (worn)
 P - a +1 plate armour of positive energy
 X - +0 fire dragon scales
 Z - the +1 pair of boots of the World (worn) {Regen+}
   (You bought it in a shop on level 15 of the Dungeon)

   It increases your rate of regeneration.
Jewellery
 y - an uncursed ring of poison resistance
 E - a +4 ring of evasion (left hand)
 L - a +2 amulet of reflection (around neck)
 O - an uncursed ring of protection from magic
 R - an uncursed ring of protection from cold
 T - a ring of protection from fire (right hand)
Wands
 B - a wand of enslavement (2)
 C - a wand of acid (34)
 D - a wand of paralysis (14)
 H - a wand of clouds (8)
 M - a wand of digging (3)
 Q - a wand of flame (16)
Scrolls
 h - 2 scrolls of identify
 i - 7 scrolls of remove curse
 l - a scroll of fog
 n - 4 scrolls of enchant armour
 x - a scroll of holy word
 F - 2 scrolls of silence
 G - 2 scrolls of immolation
 S - 3 scrolls of magic mapping
 V - a scroll of fear
Potions
 e - a potion of stabbing
 g - 4 potions of magic
 j - a potion of haste
 o - 3 potions of ambrosia
 q - 2 potions of curing
 r - 4 potions of lignification
 t - 5 potions of mutation
 z - 4 potions of berserk rage
 I - 2 potions of cancellation
 K - 2 potions of brilliance
 N - a potion of flight
 W - 2 potions of heal wounds
 Y - 2 potions of might
Books
 s - a manual of Hexes
Comestibles
 f - 48 rations


   Skills:
 + Level 16.3 Fighting
 + Level 15.8 Maces & Flails
 - Level 8.5 Crossbows
 + Level 16.1 Armour
 - Level 1.8 Dodging
 - Level 1.3 Stealth
 + Level 4.0 Shields
 - Level 10.0 Invocations


You had 16 spell levels left.
You didn't know any spells.
Your spell library contained the following spells:

 Spells                   Type           Power        Failure   Level  Hunger
 Beastly Appendage        Tmut           #.....       82%         1    ##.....
 Foxfire                  Conj/Fire      #...         82%         1    ##.....
 Freeze                   Ice            #...         82%         1    ##.....
 Infusion                 Chrm           #...         82%         1    ##.....
 Summon Small Mammal      Summ           #...         82%         1    ##.....
 Call Imp                 Summ           #.......     91%         2    ###....
 Shroud of Golubria       Chrm/Tloc      #.....       91%         2    ###....
 Song of Slaying          Chrm           #.......     91%         2    ###....
 Sticks to Snakes         Tmut           #.......     91%         2    ###....
 Call Canine Familiar     Summ           #.......     99%         3    ####...
 Frozen Ramparts          Ice            #.....       99%         3    ####...
 Ozocubu's Armour         Chrm/Ice       #.......     99%         3    ####...
 Spectral Weapon          Hex/Chrm       #.......     99%         3    ####...
 Spider Form              Tmut/Pois      #.........   99%         3    ####...
 Summon Guardian Golem    Hex/Summ       #.......     99%         3    ####...
 Hailstorm                Conj/Ice       #.......     100%        4    #####..
 Ice Form                 Ice/Tmut       #.......     100%        4    #####..
 Summon Ice Beast         Ice/Summ       #.......     100%        4    #####..
 Summon Lightning Spire   Summ/Air       #.......     100%        4    #####..
 Blade Hands              Tmut           #.........   100%        5    ######.
 Fireball                 Conj/Fire      #.........   100%        5    ######.
 Summon Forest            Summ/Tloc      #.........   100%        5    ######.
 Ignition                 Fire           #.........   100%        8    #######


Dungeon Overview and Level Annotations

Branches:
Dungeon (15/15)            Temple (0/1) D:5            Lair (6/6) D:11
 Shoals (0/4) Lair:4        Snake (1/4) Lair:2        Slime (0/5) Lair:6
    Orc (2/2) D:10            Elf (0/3) Orc:2        Vaults (0/5) D:14
 Depths (0/5) D:15         Bailey (visited)           IceCv (visited)

Altars:
Ashenzari
Cheibriados
Gozag
Hepliaklqana
Kikubaaqudgha
Nemelex Xobeh
Qazlal
Ru
Trog
Yredelemnul
Beogh

Shops:
D:15 [   Orc:1 *   Orc:2 [:??

Portals:
Pandemonium: Orc:2

Annotations:
D:3 3 runed translucent doors, MisterFreud's ghost, amateur MiAK
D:11 vol
D:12 Kirke
D:15 3 runed translucent doors, exclusion: obsidian statue, Lymofoloam's ghost, journeyman DDFi
Lair:2 2 transporters, Ulumiabe's ghost, journeyman OpBe
Lair:3 3 runed translucent doors, DrMuscles's ghost, journeyman FoFi
Lair:6 3 runed translucent doors, Henwih's ghost, journeyman VSHu
Snake:1 1 runed translucent door, Nikola


Innate Abilities, Weirdness & Mutations

You cannot be hasted, slowed, berserked, paralysed or teleported.
You can dig through walls and to a lower floor.
Your four strong arms can wield two-handed weapons with a shield.
You have a pair of large antennae on your head. (SInv)


Message History

You closely miss the naga warrior.
The naga warrior is severely wounded.
Nikola warns, "If you see one of my golems, approach with caution, they bite."
Okay, then.
You eat one of the 49 rations.
That ration really hit the spot!
The naga warrior hits you but does no damage.
You block the naga warrior's attack.
You step out of the flow of time.
You return to the normal time flow.
You feel somewhat more hungry.
Cheibriados lowers the support of your attributes as your movement quickens.
You feel sick.
Nikola casts a spell.
You hear a mighty clap of thunder!
The lightning arc hits you!
The lightning arc hits Nikola!
The lightning arc hits you!
* * * LOW HITPOINT WARNING * * *
The lightning arc hits Nikola.
The lightning arc hits you!!
* * * LOW HITPOINT WARNING * * *
The lightning arc hits Nikola.
The lightning arc hits you!!
You die...

#...........#.....
#....(.........#..##
.##.............##...#
.....###..............
..... #†..(..........
.##...#........#...#
##..^.........#...#
.%.....#..)....≈# #
.......##@)....## .#
.........)...).#{{..
..##............#N{..
..###.....@.....+.{{.
..........).....#....
...%.....)?.....#NN..#
%.....)..)..)..##N.##
...##.[.<##.....≈####
.......).##.........


You could see Nikola.

Vanquished Creatures
  Jorgrun (D:14)
  Donald (Lair:2)
  A frost giant (IceCv)
  Aizul (Lair:2)
  Nessos (D:13)
  A fire dragon (Lair:6)
  10 hydras
  Erica (D:10)
  3 catoblepae
  2 centaur warriors (D:14)
  A death knight (D:11)
  4 anacondas (Snake:1)
  An ogre mage (D:15)
  7 two-headed ogres
  A death yak (IceCv)
  2 tengu warriors (D:15)
  6 orc high priests (Orc:2)
  Nergalle (D:12)
  A fire crab (shapeshifter) (D:14)
  A shadow wraith (D:14)
  2 gelid demonspawn (Orc:2)
  An infernal demonspawn (Orc:2)
  A swamp dragon (Lair:6)
  4 unseen horrors
  A wizard (D:14)
  A glowing orange brain (D:14)
  Pikel (D:4)
  A naga ritualist (Snake:1)
  6 orc knights
  4 ugly things (D:14)
  3 deep elf magi
  6 orc sorcerers
  2 mana vipers (Snake:1)
  A cyclops (D:11)
  A manticore (D:11)
  2 salamanders
  11 elephants
  2 rust devils (Orc:2)
  A guardian serpent (Snake:1)
  14 black mambas
  8 spiny frogs
  A naga mage (Snake:1)
  3 gargoyles
  An ice statue (IceCv)
  A kobold demonologist (D:11)
  2 rime drakes
  13 komodo dragons
  2 yaktaurs (D:15)
  2 freezing wraiths (D:10)
  2 red devils (Orc:2)
  2 hellwings (Orc:2)
  The ghost of liluieth the Magician, a novice DEWz of Sif Muna (D:5)
  A merfolk (D:15)
  7 trolls
  A tengu conjurer (D:15)
  22 polar bears
  3 meliai (D:13)
  A hornet (D:14)
  A hornet (shapeshifter) (D:14)
  14 blink frogs
  18 hippogriffs
  A shadow (D:15)
  31 yaks
  Sigmund (D:6)
  A spriggan (Lair:2)
  3 wraiths
  3 wyverns
  Eustachio (D:5)
  8 hogs
  A water elemental (D:14)
  3 hungry ghosts
  Grum (D:10)
  5 basilisks
  A human (D:7)
  4 wargs (D:10)
  11 vampire mosquitoes
  Menkaure (D:6)
  A steam dragon (Lair:6)
  5 acid dragons
  A soldier ant (D:14)
  11 nagas
  9 water moccasins
  A porcupine (shapeshifter) (D:15)
  11 porcupines
  A slave (D:4)
  41 orc warriors
  4 ice beasts
  3 swamp drakes (Lair:6)
  3 sky beasts
  7 black bears
  A necrophage (D:5)
  A phantom (D:14)
  8 boggarts (D:14)
  14 ogres
  25 wolves
  14 crocodiles
  14 centaurs
  15 bullfrogs
  A gnoll sergeant (D:9)
  2 wyvern zombies
  7 scorpions
  3 wyvern skeletons
  2 water moccasin skeletons
  16 wights
  19 killer bees
  2 howler monkeys
  8 electric eels
  4 crimson imps
  2 bullfrog zombies
  3 jellies
  21 orc priests
  11 centaur skeletons
  7 hounds
  6 iguanas
  24 orc wizards
  8 worker ants
  A hound zombie (D:7)
  A hound skeleton (D:9)
  14 adders
  13 gnolls
  3 shadow imps
  4 oozes
  An adder zombie (D:6)
  2 worms (D:2)
  2 dart slugs
  7 leopard geckos
  96 orcs
  10 bats
  A giant cockroach (D:3)
  6 goblins
  9 hobgoblins
  13 jackals
  11 kobolds
  3 quokkas
  2 ball pythons
  7 frilled lizards
  A jackal skeleton (D:9)
  A quokka skeleton (D:4)
  9 rats
  A plant (Lair:2)
848 creatures vanquished.

Vanquished Creatures (others)
  A yaktaur (D:15)
  A human (D:6)
  A shadow imp (D:11)
  A worm (D:4)
  An orc (Orc:1)
  6 fungi
  23 plants
34 creatures vanquished.

Grand Total: 882 creatures vanquished

Notes
Turn   | Place    | Note
-------+----------+-------------------------------------------
     0 | D:1      | mortelune the Formicid Hunter began the quest for the Orb.
     0 | D:1      | Reached XP level 1. HP: 16/16 MP: 1/1
    82 | D:1      | Reached XP level 2. HP: 16/23 MP: 2/2
   663 | D:1      | Reached skill level 1 in Armour
   663 | D:1      | Reached XP level 3. HP: 23/28 MP: 3/3
  1390 | D:2      | Reached XP level 4. HP: 34/34 MP: 4/4
  1951 | D:2      | Reached skill level 5 in Crossbows
  1973 | D:2      | Reached XP level 5. HP: 38/41 MP: 5/5
  3074 | D:3      | Found a faded altar of an unknown god.
  3199 | D:3      | Found a runed translucent gate.
  3199 | D:3      | Found a runed translucent gate.
  3199 | D:3      | Found a runed translucent gate.
  3199 | D:3      | Found an opulent altar of Gozag.
  3241 | D:3      | Found a basalt altar of Yredelemnul.
  3371 | D:3      | Noticed MisterFreud's ghost (amateur MiAK)
  3695 | D:4      | Noticed an ogre
  3700 | D:4      | Killed an ogre
  3700 | D:4      | Reached XP level 6. HP: 48/48 MP: 6/6
  3735 | D:4      | Found an opulent altar of Gozag.
  3842 | D:4      | Noticed a slave
  3852 | D:4      | Killed a slave
  3879 | D:4      | Noticed Pikel
  3882 | D:4      | Noticed a slave
  3898 | D:4      | Killed Pikel
  3898 | D:4      | Reached XP level 7. HP: 45/55 MP: 7/7
  3898 | D:4      | Reached XP level 8. HP: 50/61 MP: 8/8
  3988 | D:4      | Found a snail-covered altar of Cheibriados.
  4020 | D:4      | Reached skill level 5 in Fighting
  4042 | D:4      | Found a sacrificial altar of Ru.
  4513 | D:5      | Entered Level 5 of the Dungeon
  4630 | D:5      | Found a transporter.
  4631 | D:5      | Noticed liluieth's ghost (novice DEWz)
  4648 | D:4      | Became a worshipper of Cheibriados the Contemplative
  4718 | D:5      | Found a hazy altar of Hepliaklqana.
  4820 | D:5      | Found a transporter.
  4867 | D:5      | Found a staircase to the Ecumenical Temple.
  4894 | D:5      | Reached skill level 5 in Armour
  5013 | D:5      | Found a stormy altar of Qazlal.
  5102 | D:5      | Found a shattered altar of Ashenzari.
  5357 | D:6      | Noticed Menkaure
  5357 | D:6      | Noticed Eustachio
  5364 | D:5      | Killed Eustachio
  5364 | D:5      | Reached XP level 9. HP: 69/69 MP: 9/9
  5420 | D:6      | Found an ancient bone altar of Kikubaaqudgha.
  5546 | D:6      | Reached skill level 1 in Maces & Flails
  5919 | D:6      | Killed Menkaure
  5963 | D:6      | Identified the Almanac of Displaced Fire
  6361 | D:6      | Noticed Sigmund
  6372 | D:6      | Killed Sigmund
  6400 | D:6      | Reached * piety under Cheibriados
  7262 | D:7      | Reached skill level 1 in Invocations
  7262 | D:7      | Reached XP level 10. HP: 43/79 MP: 10/10
  7462 | D:7      | Found a bloodstained altar of Trog.
  7561 | D:7      | Reached skill level 5 in Maces & Flails
  8225 | D:7      | Reached ** piety under Cheibriados
  8918 | D:8      | Found a sparkling altar of Nemelex Xobeh.
  9630 | D:9      | Reached *** piety under Cheibriados
  9943 | D:9      | Identified the +2 dagger of Zisuug {freeze, rC+ MR+ MP-9
                  | Stlth+}
 10170 | D:9      | Reached XP level 11. HP: 86/87 MP: 14/14
 10382 | D:9      | Reached **** piety under Cheibriados
 10577 | D:9      | Reached skill level 5 in Invocations
 10769 | D:10     | Entered Level 10 of the Dungeon
 11131 | D:10     | Found a staircase to the Orcish Mines.
 11390 | D:10     | Noticed Grum
 11431 | D:10     | Killed Grum
 11615 | D:10     | Noticed an unseen horror
 11628 | D:10     | Killed an unseen horror
 12027 | D:11     | Noticed Erica
 12044 | D:10     | Killed Erica
 12608 | D:10     | Reached ***** piety under Cheibriados
 12631 | D:11     | Noticed a death knight
 12724 | D:10     | Reached XP level 12. HP: 39/96 MP: 17/17
 13767 | D:10     | Reached skill level 10 in Maces & Flails
 13904 | D:11     | Reached skill level 10 in Fighting
 14607 | D:11     | Killed a death knight
 14607 | D:11     | Reached skill level 10 in Armour
 14983 | D:11     | Found a staircase to the Lair.
 15468 | D:12     | Noticed an unseen horror
 15488 | D:12     | Killed an unseen horror
 15671 | D:12     | Noticed Nergalle
 15681 | D:12     | Killed Nergalle
 15848 | D:12     | Reached ****** piety under Cheibriados
 15848 | D:12     | Reached XP level 13. HP: 103/104 MP: 19/19
 15953 | D:12     | Noticed Kirke
 16489 | Lair:1   | Entered Level 1 of the Lair of Beasts
 16747 | Lair:1   | Noticed a five-headed hydra
 16752 | Lair:1   | Killed a five-headed hydra
 16812 | Lair:1   | Identified the cursed +2 rapier "Giant's Death Toll"
                  | {vorpal, rPois rN+ Dex+3} (You found it on level 1 of the
                  | Lair of Beasts)
 17524 | Lair:2   | Noticed a catoblepas
 17525 | Lair:2   | Noticed a five-headed hydra
 17613 | Lair:2   | Found a staircase to the Snake Pit.
 17653 | Lair:2   | Killed a catoblepas
 17676 | Lair:2   | Killed a five-headed hydra
 17858 | Lair:2   | Reached skill level 10 in Invocations
 17992 | Lair:2   | Found a transporter.
 17996 | Lair:2   | Noticed Ulumiabe's ghost (journeyman OpBe)
 18133 | Lair:2   | Found a transporter.
 18427 | Lair:3   | Noticed an eight-headed hydra
 18436 | Lair:3   | Killed an eight-headed hydra
 18453 | Lair:3   | Noticed a seven-headed hydra
 18460 | Lair:3   | Killed a seven-headed hydra
 18630 | Lair:3   | Noticed a five-headed hydra
 18636 | Lair:3   | Killed a five-headed hydra
 18636 | Lair:3   | Reached XP level 14. HP: 100/114 MP: 21/21
 18790 | Lair:3   | Noticed DrMuscles's ghost (journeyman FoFi)
 18801 | Lair:3   | Found a runed translucent gate.
 18801 | Lair:3   | Found a runed translucent gate.
 18801 | Lair:3   | Found a runed translucent gate.
 19271 | Lair:4   | Found a staircase to the Shoals.
 19455 | Lair:4   | Found a frozen archway.
 19464 | IceCv    | Entered an ice cave
 20174 | IceCv    | Noticed a frost giant
 20189 | IceCv    | Killed a frost giant
 22557 | Lair:6   | Entered Level 6 of the Lair of Beasts
 22936 | Lair:6   | Reached XP level 15. HP: 124/124 MP: 22/22
 24003 | Lair:6   | Found a staircase to the Slime Pits.
 26102 | Lair:6   | Found a runed translucent gate.
 26102 | Lair:6   | Noticed Henwih's ghost (journeyman VSHu)
 26103 | Lair:6   | Found a runed translucent gate.
 26104 | Lair:6   | Found a runed translucent gate.
 26488 | D:5      | Killed liluieth's ghost
 27134 | D:13     | Noticed Nessos
 27139 | D:13     | Killed Nessos
 27869 | D:14     | Found a flagged portal.
 27874 | Bailey   | Entered a bailey
 29289 | D:14     | Noticed Jorgrun
 29311 | D:14     | Killed Jorgrun
 29918 | D:14     | Reached XP level 16. HP: 134/134 MP: 23/23
 30158 | D:14     | Reached skill level 15 in Fighting
 30166 | D:14     | Found a gate to the Vaults.
 30342 | D:14     | Identified a scroll of acquirement
 30373 | D:15     | Entered Level 15 of the Dungeon
 30444 | D:15     | Found Anaolit's Armour Shoppe.
 30622 | D:15     | Reached skill level 15 in Armour
 30641 | D:15     | Bought the +1 pair of boots of the World {Regen+} for 264
                  | gold pieces
 30641 | D:15     | Bought a cursed +0 plate armour for 352 gold pieces
 30666 | D:15     | Bought a scarf of resistance for 512 gold pieces
 30912 | D:15     | Found a runed translucent gate.
 30912 | D:15     | Found a runed translucent gate.
 30912 | D:15     | Found a runed translucent gate.
 30913 | D:15     | Found an opulent altar of Gozag.
 30914 | D:15     | Noticed Lymofoloam's ghost (journeyman DDFi)
 31107 | D:15     | Reached skill level 15 in Maces & Flails
 31209 | D:15     | Found a staircase to the Depths.
 32038 | Orc:1    | Entered Level 1 of the Orcish Mines
 32038 | Orc:1    | Found Vablux's Mayhem Merchandise.
 32365 | Orc:2    | Entered Level 2 of the Orcish Mines
 32789 | Orc:1    | Bought the +7 great mace "Firestarter" {inner flame, rF++}
                  | for 925 gold pieces
 32789 | Orc:1    | Found the +7 great mace "Firestarter" {inner flame, rF++}
 32997 | Orc:2    | Found Veul's Magic Scroll Emporium.
 33158 | Orc:2    | Found Foesk's Magic Scroll Shoppe.
 33196 | Orc:2    | Bought a scroll of fog for 22 gold pieces
 33495 | Orc:2    | Found Zesasic's Book Boutique.
 33495 | Orc:2    | Found a one-way gate leading to the halls of Pandemonium.
 33495 | Orc:2    | Found Tubak's Antique Armour Shop.
 33539 | Orc:2    | Bought a scroll of identify for 26 gold pieces
 33539 | Orc:2    | Bought a scroll of fear for 45 gold pieces
 33539 | Orc:2    | Bought a scroll of magic mapping for 45 gold pieces
 33539 | Orc:2    | Bought a scroll of magic mapping for 45 gold pieces
 33600 | Orc:2    | Found a roughly hewn altar of Beogh.
 33879 | Orc:2    | Found a staircase to the Elven Halls.
 34224 | Snake:1  | Entered Level 1 of the Snake Pit
 34224 | Snake:1  | Noticed Aizul
 34224 | Snake:1  | Noticed Donald
 34243 | Lair:2   | Killed Aizul
 34243 | Lair:2   | Reached XP level 17. HP: 122/144 MP: 24/24
 34285 | Lair:2   | Killed Donald
 34369 | Snake:1  | Found a runed translucent door.
 34685 | Snake:1  | Noticed Nikola
 34689 | Snake:1  | Killed from afar by Nikola

Levels and vault maps discovered:
D:1:      wheals_arrival_linesprint, layout_basic
D:2:      minmay_chambers_of_twos, layout_loops_ring, first_ration
D:3:      layout_basic, yredelemnul_altar_generic, ebering_ghost_gozag,
          chequers_ecumenical_altar_island
D:4:      layout_basic, nicolae_gozag_seed_capital,
          nicolae_overflow_hidden_temple, nicolae_ru_great_annihilating_truth,
          uniq_pikel
D:5:      layout_basic, grunt_qazlal_sundering, lemuel_doored_altar,
          minmay_temple_entry_purple_smoke, gammafunk_ghost_smash,
          evilmike_ruin_ashenzari
D:6:      layout_basic, tgw_kikubaaqudgha, uniq_sigmund, uniq_menkaure,
          uniq_eustachio
D:7:      layout_rooms, overflow_temple_1_default, grunt_livestock
D:8:      layout_gridville, lemuel_round_altar
D:9:      layout_loops_ring, minmay_fractal_squares_gapless_5
D:10:     layout_irregular_city, minmay_orc_entry_guard_dogs, uniq_grum
D:11:     layout_basic, minmay_lair_entry_grove, uniq_erica
D:12:     layout_long_grid, uniq_nergalle, uniq_kirke
D:13:     layout_loops_ring, uniq_nessos
D:14:     layout_basic, david_vaults_4, enter_bailey_1,
          small_statue_intersection, uniq_jorgrun
D:15:     hangedman_depths_entry_try_elsewhere_first, layout_layer_cave,
          minmay_crystal_water, serial_shops, nicolae_shop_waterfront,
          ebering_ghost_gozag, minmay_statues_item
Lair:1:   layout_roguey
Lair:2:   layout_regular_city, guppyfry_snake_entry_island,
          gammafunk_ghost_berserking_beasts, grunt_forest_stairs_clearing
Lair:3:   layout_long_grid, gammafunk_ghost_split, minmay_stone_trees_medium,
          infiniplex_staircase_pool
Lair:4:   layout_cave_pods, shoals_dummy_entry, portal_ice_cave_entry_pillars_1,
          serial_forest, infiniplex_forest_clump_double,
          infiniplex_forest_straight_4, infiniplex_forest_diagonal,
          infiniplex_forest_clump_curved, infiniplex_forest_end_1,
          infiniplex_forest_clump_long, beast_lair_carwin_6
Lair:5:   layout_layer_cave, grunt_megastairs_2
Lair:6:   guppyfry_lair_end_dragon, layout_cave_pods,
          nicolae_slime_entry_slimehenge, gammafunk_ghost_hydra_chop
Snake:1:  layout_cave_shapes, lightli_airlock, uniq_aizul, uniq_donald,
          uniq_nikola
Orc:1:    layout_caves, minmay_shop_mayhem
Orc:2:    pf_orc_diabolical, layout_diamond_mine, mines1_david

Skill      XL: |  1  2  3  4  5  6  7  8  9 10 11 12 13 14 15 16 17 |
---------------+----------------------------------------------------+-----
Armour         | 1 2 4 5 6 8 9 10 11 13 14 15 16 | 16.1
Fighting       | 3 4 5 7 8 9 10 11 13 14 16 | 16.3
Crossbows      | 5 6 8 |  8.5
Shields        | 2 4 |  4.0
Maces & Flails | 4 7 9 11 12 14 15 | 15.8
Invocations    | 1 4 6 8 10 | 10.0
Dodging        | |  1.8
Stealth        | |  1.3

Action                   |  1- 3 |  4- 6 |  7- 9 | 10-12 | 13-15 | 16-18 || total
-------------------------+-------+-------+-------+-------+-------+-------++-------
Melee: Short sword       |    55 |    48 |       |       |       |       ||   103
       Mace              |       |     2 |    71 |       |       |       ||    73
       Flail             |       |       |    73 |    10 |       |       ||    83
       Morningstar       |       |       |       |   129 |       |       ||   129
       Dire flail        |       |       |       |   648 |   871 |       ||  1519
       Great mace        |       |       |       |       |   165 |   380 ||   545
 Fire: Hand crossbow     |    32 |   147 |   176 |   150 |   196 |    18 ||   719
       Arbalest          |       |       |       |       |       |     8 ||     8
Invok: Slouch            |       |       |       |     2 |    11 |     9 ||    22
       Step From Time    |       |       |       |       |     3 |     1 ||     4
 Abil: Dig               |       |       |     2 |     8 |    10 |     2 ||    22
Evoke: Wand              |       |       |       |       |     4 |       ||     4
  Use: Scroll            |       |     3 |    12 |     9 |    12 |     3 ||    39
       Potion            |       |       |     1 |     7 |     3 |       ||    11
 Stab: Invisible         |       |       |       |     5 |       |       ||     5
       Confused          |       |       |       |       |     1 |       ||     1
  Eat: Chunk             |       |     9 |    10 |    16 |    30 |     6 ||    71
       Ration            |       |       |       |       |       |     2 ||     2
Armor: Leather armour    |    27 |    21 |       |       |       |       ||    48
       Ring mail         |       |    24 |    17 |       |       |       ||    41
       Plate armour      |       |       |   122 |   513 |   558 |   217 ||  1410
       Fire dragon scale |       |       |       |       |    13 |       ||    13
Dodge: Dodged            |    80 |    94 |    92 |   642 |   693 |   270 ||  1871
Block: Buckler           |       |     4 |    30 |   248 |   429 |   142 ||   853
       Reflection        |       |       |       |       |     4 |     8 ||    12
       Kite shield       |       |       |       |       |       |    78 ||    78

Table legend:
 A = Non-vault XP
 B = Vault XP
 C = Vault XP percentage of total XP
 D = Non-vault monster count
 E = Vault monster count
 F = Vault count percentage of total count
                 A         B        C        D         E       F
            +---------+---------+-------+---------+---------+-------
      Total |  103228 |   63267 |  38.0 |     595 |     253 |  29.8
            +---------+---------+-------+---------+---------+-------
        D:1 |      82 |       0 |   0.0 |      29 |       0 |   0.0
        D:2 |     110 |      32 |  22.5 |      21 |       8 |  27.6
        D:3 |      28 |       0 |   0.0 |      17 |       0 |   0.0
        D:4 |     542 |     682 |  55.7 |      19 |       5 |  20.8
        D:5 |     362 |     893 |  71.2 |       6 |       5 |  45.5
        D:6 |    1331 |     392 |  22.8 |      31 |       2 |   6.1
        D:7 |     817 |     959 |  54.0 |      24 |       5 |  17.2
        D:8 |    1007 |       0 |   0.0 |      20 |       0 |   0.0
        D:9 |    1905 |     171 |   8.2 |      41 |       3 |   6.8
       D:10 |    5888 |    2471 |  29.6 |      38 |      12 |  24.0
       D:11 |    3993 |    1716 |  30.1 |      37 |      10 |  21.3
       D:12 |    4694 |    1622 |  25.7 |      32 |       5 |  13.5
       D:13 |    3083 |    1279 |  29.3 |      14 |       1 |   6.7
       D:14 |   12423 |    5266 |  29.8 |      50 |       5 |   9.1
       D:15 |   13147 |    2016 |  13.3 |      43 |       4 |   8.5
     Lair:1 |    5024 |       0 |   0.0 |      20 |       0 |   0.0
     Lair:2 |    7650 |    4870 |  38.9 |      18 |       9 |  33.3
     Lair:3 |    4702 |       0 |   0.0 |      13 |       0 |   0.0
     Lair:4 |    1353 |    2219 |  62.1 |       6 |       8 |  57.1
     Lair:5 |    1855 |    1384 |  42.7 |       6 |       4 |  40.0
     Lair:6 |   15898 |    4982 |  23.9 |      44 |      21 |  32.3
    Snake:1 |   12062 |       0 |   0.0 |      28 |       0 |   0.0
      Orc:1 |    4470 |       0 |   0.0 |      27 |       0 |   0.0
      Orc:2 |     802 |   16934 |  95.5 |      11 |      58 |  84.1
     Bailey |       0 |    2288 | 100.0 |       0 |      39 | 100.0
      IceCv |       0 |   13091 | 100.0 |       0 |      49 | 100.0
            +---------+---------+-------+---------+---------+-------
